 Dungeon Crawl Stone Soup version 0.27.1-34-g3ba077fa99 (webtiles) character file.

Game seed: 14449098095452852143

184 cbfl8 the Covered (level 5, 0/47 HPs)
             Began as a Minotaur Fighter on Jan 13, 2022.
             Was an Initiate of Uskayaw.
             Slain by a +0 glaive of flaming (7 damage)
             ... created by the rancor of the Wu Jian Council
             ... on level 4 of the Dungeon.
             The game lasted 00:07:26 (2230 turns).

cbfl8 the Covered (Minotaur Fighter)                Turns: 2230, Time: 00:07:26

Health: 0/47       AC:  7    Str: 21    XL:     5   Next: 36%
Magic:  4/4        EV:  8    Int:  6    God:    Uskayaw [......]
Gold:   122        SH:  9    Dex:  9    Spells: 2/4 levels left

rFire    . . .     SeeInvis .   u - +2 dagger (speed)
rCold    . . .     Faith    .   c - +0 kite shield
rNeg     . . .     Spirit   .   b - +0 scale mail
rPois    +         Reflect  .   (helmet restricted)
rElec    .         Harm     .   (no cloak)
rCorr    .         Rampage  .   (no gloves)
Will     .....                  (no boots)
Stlth    ..........             (no amulet)
HPRegen  0.15/turn              g - ring of poison resistance
MPRegen  0.09/turn              (no ring)

@: slowed, very slow
A: horns 2, retaliatory headbutt
a: Renounce Religion


You were on level 4 of the Dungeon.
You worshipped Uskayaw.
Uskayaw was noncommittal.
You visited 1 branch of the dungeon, and saw 3 of its levels.

You collected 122 gold pieces.

Inventory:

Hand Weapons
 a - a +0 long sword
 h - a +0 club
 q - a +0 mace of holy wrath
 u - a +2 dagger of speed (weapon)
Missiles
 s - a throwing net (quivered)
Armour
 b - a +0 scale mail (worn)
 c - a +0 kite shield (worn)
 l - a +0 kite shield
 v - a +0 ring mail
Jewellery
 g - a ring of poison resistance (left hand)
Scrolls
 e - 3 scrolls of vulnerability {unknown}
 i - a scroll of brand weapon {unknown}
 k - a scroll of identify {unknown}
 m - a scroll of enchant armour {unknown}
 o - a scroll of amnesia {unknown}
Potions
 d - a potion of might
 f - 2 potions of curing {unknown}
 j - a potion of brilliance {unknown}
 n - a potion of lignification {unknown}
 p - a potion of heal wounds {unknown}
 r - a potion of degeneration {unknown}
 t - a potion of haste {unknown}


   Skills:
 + Level 4.4 Fighting
 + Level 1.3(2.5) Short Blades
 + Level 3.7(3.9) Long Blades
 + Level 1.5 Maces & Flails
 + Level 4.8 Armour
 + Level 1.0 Dodging
 + Level 0.3 Stealth
 + Level 4.3 Shields


You had 2 spell levels left.
You knew the following spells:

 Your Spells              Type           Power      Damage    Failure   Level
a - Corpse Rot            Necr/Air       N/A        N/A       100%        2

Your spell library contained the following spells:

 Spells                   Type           Power      Damage    Failure   Level
 Poisonous Vapours        Pois/Air       0%         N/A       100%        2
 Freezing Cloud           Conj/Ice/Air   0%         6-21      100%        5


Dungeon Overview and Level Annotations

Branches:
Dungeon (2/15)

Altars:
Uskayaw
Wu Jian


Innate Abilities, Weirdness & Mutations

You have a pair of horns on your head.
You reflexively headbutt those who attack you in melee.


Message History

You open the door.
Found 19 arrows.
You open the door.
There is an open door here.
You open the door.
There is an open door here.
As you open the door, it creaks loudly!
Found a stone staircase leading up.
There is an open door here.
There is a stone staircase leading up here.
You open the door. You open the door.
There is an open door here.
There is an open door here.
There is an open door here.
An orc comes into view. It is wielding a +0 dagger.
The orc shouts!
You hear a shout!
The orc moves out of view.
You hit the orc.
The orc is moderately wounded.
The orc closely misses you.
You barely miss the orc. You headbutt the orc.
You kill the orc!
You see here a +0 dagger.
Sifu Xiang Ba whispers: Nowhere to run... 4 dancing weapons come into view.
There is a +0 glaive of flaming.
There is a +2 dire flail of speed.
There is a +3 vorpal dire flail.
There is a +0 glaive of speed.
An orc wizard comes into view.
It is wielding a +0 dagger and carrying a wand of acid (8).
The orc wizard shouts!
You hit the +0 glaive of speed. You headbutt the +0 glaive of speed.
You destroy the +0 glaive of speed!
That felt strangely unrewarding.
You barely miss the +3 vorpal dire flail.
The +0 glaive of flaming hits you from afar!
The +0 glaive of flaming burns you! The +3 vorpal dire flail hits you.
You hit the +3 vorpal dire flail but do no damage.
The +0 glaive of flaming hits you from afar!
* * * LOW HITPOINT WARNING * * *
The +0 glaive of flaming burns you!
You die...

....................#
#####
'#....##'###'#......#
.#....#......#......# #
.#<...#......#......# ..#
.#....##.##..#......#
...#
.##....#.#####......#...#
..#....#.....'......'...#
..'....'.....#....o.#...#
###....#..####.(@)..#..##
#.....##..#.....(#### .#
#.....#...#.....(# ..
#.....#...#......# ..
#.....#...#......# ...
#.....'...#......######
#.....#...#...........#
#.....#...'...........#
#.....#'###...........# .


You could see 3 dancing weapons and an orc wizard.

Vanquished Creatures
  A dancing weapon (D:4)
  A scorpion (D:4)
  A jelly (D:4)
  A hound (D:4)
  3 adders
  A worm (D:2)
  3 dart slugs
  An orc (D:4)
  4 ball pythons
  A bat (D:1)
  2 endoplasms (D:2)
  A giant cockroach (D:1)
  4 goblins
  2 jackals (D:2)
  A quokka (D:2)
  3 frilled lizards (D:2)
  A jackal skeleton (D:4)
  4 kobolds
  5 rats
40 creatures vanquished.

Notes
Turn   | Place    | Note
-------+----------+-------------------------------------------
     0 | D:1      | cbfl8 the Minotaur Fighter began the quest for the Orb.
     0 | D:1      | Reached XP level 1. HP: 19/19 MP: 0/0
    70 | D:1      | Found a faded altar of an unknown god.
    77 | D:1      | Became a worshipper of the Wu Jian Council
    77 | D:1      | Reached * piety under Wu Jian
   466 | D:1      | Reached XP level 2. HP: 27/27 MP: 1/1
  1120 | D:2      | Reached ** piety under Wu Jian
  1235 | D:2      | Reached XP level 3. HP: 33/33 MP: 2/2
  1342 | D:2      | You fall into a shaft and drop 2 floors!
  1389 | D:4      | Noticed a scorpion
  1397 | D:4      | Killed a scorpion
  1398 | D:4      | Reached XP level 4. HP: 41/41 MP: 3/3
  1423 | D:4      | Learned a level 2 spell: Corpse Rot
  1464 | D:4      | Reached skill level 1 in Short Blades
  1464 | D:4      | Reached skill level 1 in Maces & Flails
  1464 | D:4      | Reached XP level 5. HP: 41/47 MP: 4/4
  1714 | D:4      | Reached skill level 1 in Dodging
  1993 | D:4      | Found a hide-covered altar of Uskayaw.
  2011 | D:4      | Fell from the grace of Wu Jian
  2011 | D:4      | Became a worshipper of Uskayaw the Reveller
  2227 | D:4      | Noticed a +0 glaive of flaming
  2227 | D:4      | Noticed a +2 dire flail of speed
  2227 | D:4      | Noticed a +3 vorpal dire flail
  2227 | D:4      | Noticed a +0 glaive of speed
  2228 | D:4      | Killed a +0 glaive of speed
  2230 | D:4      | Slain by a +0 glaive of flaming

Illustrated notes

Levels and vault maps discovered:
D:1:      dpeg_arrival_rooms_with_view, layout_basic,
          dilly_ecumenical_altar_fadedgnrine, minmay_tetromino_l2
D:2:      layout_loops_ring, minivault_14
D:4:      layout_gridville, lemuel_zombie_altar_kikubaaqudgha,
          nicolae_uskayaw_murder_on_the_dancefloor, columned_hall_lemuel,
          chequers_serial_rivers_micro_a, uniq_natasha

Skill      XL: |  1  2  3  4  5 |
---------------+----------------+-----
Fighting       | 4 |  4.4
Armour         | 4 |  4.8
Long Blades    | 3 |  3.7
Shields        | 4 |  4.3
Short Blades   | 1 |  1.3
Maces & Flails | 1 |  1.5
Dodging        | 1 |  1.0
Stealth        | |  0.3

Action                   |  1- 3 |  4- 6 || total
-------------------------+-------+-------++-------
Melee: Long sword        |    41 |       ||    41
       Headbutt          |    16 |     8 ||    24
       Mace              |    10 |       ||    10
       Dagger            |    24 |    38 ||    62
Invok: Whirlwind         |     8 |     4 ||    12
       Lunge             |     3 |     2 ||     5
Armor: Scale mail        |    42 |     7 ||    49
Dodge: Dodged            |    22 |     8 ||    30
Block: Kite shield       |    38 |    17 ||    55
       Rpst.: Long sword |     2 |       ||     2
